 Dungeon Crawl Stone Soup version 0.17-a0-119-g2b06fc5 (webtiles) character file.

10 Pikaro the Charmwright (level 2, 0/19 HPs)
             Began as a High Elf Skald on Mar 20, 2015.
             Slain by an adder (5 damage)
             ... on level 2 of the Dungeon.
             The game lasted 00:00:34 (641 turns).

Pikaro the Charmwright (High Elf Skald)              Turns: 641, Time: 00:00:34

Health: 0/19       AC:  3    Str: 11    XL:     2   Next: 10%
Magic:  6/6        EV: 11    Int: 15    God:
Gold:   34         SH:  0    Dex: 14    Spells: 1 memorised, 4 levels left

rFire  . . .     SeeInvis .     a - +0 falchion
rCold  . . .     Clarity  .     b - +0 leather armour
rNeg   . . .     SustAb   .     (no shield)
rPois  .         Gourm    .     (no helmet)
rElec  .         Spirit   .     (no cloak)
rCorr  .         Warding  .     (no gloves)
rMut   .         Stasis   .     (no boots)
MR     .....                    (no amulet)
Stlth  +.........               (no ring)
                                (no ring)

@: not resistant to hostile enchantments, very unstealthy
A: no striking features
a: no special abilities


You were on level 2 of the Dungeon.
You were not hungry.

You visited 1 branch of the dungeon, and saw 2 of its levels.

You collected 34 gold pieces.

Inventory:

Hand weapons
 a - a +0 falchion (weapon)
Armour
 b - a +0 leather armour (worn)
Scrolls
 e - 2 scrolls of identify {unknown}
 h - a scroll of teleportation {unknown}
 i - a scroll of noise {unknown}
Books
 c - a book of Battle
Comestibles
 d - 2 bread rations
 f - 2 meat rations
 g - a beef jerky


   Skills:
 - Level 2.0 Fighting
 + Level 3.4 Long Blades
 - Level 0.8 Armour
 - Level 1.1 Dodging
 - Level 2.4 Spellcasting
 - Level 3.6 Charms


You had 4 spell levels left.
You knew the following spells:

 Your Spells              Type           Power        Failure   Level  Hunger
A - Infusion              Chrm           ##....       10%         1    #......


Dungeon Overview and Level Annotations

Branches:
Dungeon (2/15)

Altars:


Message History

The giant cockroach bites you but does no damage.
You closely miss the giant cockroach.
The giant cockroach bites you but does no damage.
You hit the giant cockroach.
You kill the giant cockroach!
No target in view!
No target in view!
You start resting.
Health restored: 14; Total turns waited: 21 You see here 15 sling bullets.
You now have 34 gold pieces (gained 16).
A giant newt comes into view.
The giant newt barely misses you.
You closely miss the giant newt. The giant newt bites you.
You take 1 damage, and have 13/14 hp.
You closely miss the giant newt. The giant newt bites you.
You take 1 damage, and have 12/14 hp.
You miss the giant newt. The giant newt closely misses you.
The giant newt completely misses you.
You slash the giant newt!
You kill the giant newt!
No target in view!
No target in view!
You start resting.
Health restored: 14; Total turns waited: 47 A rat comes into view.
The rat barely misses you.
You hit the rat!
You kill the rat!
Your Long Blades skill increases to level 3!
f - 2 meat rations (gained 1)
A jackal comes into view.
A ball python comes into view.
You hit the jackal!
You kill the jackal!
You hit the ball python.
You kill the ball python!
No target in view!
No target in view! 2 jackals come into view.
The jackal barks!
There are monsters nearby!
The jackal barks!
The jackal bites you but does no damage.
You hit the jackal!
You kill the jackal!
You have reached level 2!
Health restored: 19; MP restored: 6 You hit the jackal but do no damage.
The jackal barely misses you.
You hit the jackal.
You kill the jackal!
No target in view!
You see here a jackal corpse.
h - a scroll labeled TENUENYBUS You see here a jackal corpse.
i - a scroll labeled PNYVEGAPRO Done exploring.
Done exploring.
(D) Dungeon
Where to? (? - help)
There is a stone staircase leading down here.
You climb downwards.
A giant newt and 2 jackals come into view.
The jackal barks! x2
You hear a shout! x2
There is a stone staircase leading up here.
You hit the jackal. The jackal barely misses you.
A rat comes into view.
You hit the jackal but do no damage. The jackal misses you.
The jackal misses you.
The rat moves out of view.
The jackal barely misses you. The jackal barely misses you.
An adder and a kobold come into view.
You hit the jackal but do no damage.
The jackal bites you but does no damage.
The jackal closely misses you. The giant newt closely misses you.
The jackal bites you.
You take 1 damage, and have 18/19 hp.
You hit the jackal. The jackal closely misses you.
The kobold throws a stone.
The stone hits you.
The giant newt bites you but does no damage.
The jackal barely misses you.
The jackal bites you but does no damage.
A goblin comes into view.
You barely miss the jackal. The jackal bites you. The jackal bites you.
The kobold throws a stone.
The stone closely misses you.
The stone hits the jackal but does no damage.
The giant newt closely misses you. The jackal misses you. The jackal bites you.
You hit the jackal but do no damage.
The kobold throws a stone.
The stone hits you but does no damage. The giant newt barely misses you.
The jackal barely misses you. The jackal bites you.
The adder completely misses you. The giant newt closely misses you.
The kobold throws a stone.
The stone hits you.
* * * LOW HITPOINT WARNING * * *
The jackal misses you.
You take 13 damage, and have 5/19 hp.
MASSIVE DAMAGE!!
You miss the jackal.
The jackal bites you but does no damage.
The adder bites you.
You die...

##.. ... ..#
##..# # ....#
#.#. #...#
#....#hS.##
#..$rl@...#
.......h..g.#
#.#..##K##.#
#... #.. ..
... .## ## .
. . #. .


You could see an adder, 2 jackals, a goblin, a kobold, a giant newt and a rat.

Vanquished Creatures
  A ball python (D:1)
  A giant cockroach (D:1)
  3 jackals (D:1)
  A giant newt (D:1)
  A goblin (D:1)
  A kobold (D:1)
  2 rats (D:1)
10 creatures vanquished.

Notes
Turn   | Place    | Note
--------------------------------------------------------------
     0 | D:1      | Pikaro, the High Elf Skald, began the quest for the Orb.
     0 | D:1      | Reached XP level 1. HP: 14/14 MP: 4/4
   508 | D:1      | Reached skill level 3 in Long Blades
   536 | D:1      | Reached XP level 2. HP: 19/19 MP: 6/6
   641 | D:2      | Slain by an adder

Action                   || total
-------------------------++-------
Melee: Falchion          ||    26

Vault maps used:
D:1:      roderic_chinese_lattice_arrival, serial_bayou_pond_d
D:2:      first_bread, supply_closet_lemuel, wad_floor_pattern_2,
          xom_redecorated, uniq_robin

Table legend:
 A = Turns spent in this place as a percentage of turns spent in the entire game.
 B = Non-inter-level travel turns spent in this place as a percentage of non-inter-level travel turns spent in the entire game.
 C = Inter-level travel turns spent in this place as a percentage of turns spent in this place.
 D = Turns resting spent in this place as a percentage of non-inter-level travel turns spent in this place.
 E = Turns spent auto-exploring this place as a percentage of non-inter-level travel turns spent in this place.
 F = Non-inter-level travel turns spent in this place divided by the number of levels of this place that you've seen.
                   A       B       C       D       E      F
               +-------+-------+-------+-------+-------+----------------------
         Total | 100.0 | 100.0 |   1.2 |   9.5 |  15.5 |  42.0
       Dungeon | 100.0 | 100.0 |   1.2 |   9.5 |  15.5 |  42.0
               +-------+-------+-------+-------+-------+----------------------

Table legend:
 A = Kills in this place as a percentage of kills in entire the game.
 B = Kills by you in this place as a percentage of kills by you in the entire game.
 C = Kills by friends in this place as a percentage of kills by friends in the entire game.
 D = Other kills in this place as a percentage of other kills in the entire game.
 E = Experience gained in this place as a percentage of experience gained in the entire game.
 F = Experience gained in this place divided by the number of levels of this place that you have seen.
                   A       B       C       D       E      F
               +-------+-------+-------+-------+-------+----------------------
         Total | 100.0 | 100.0 |  -nan |  -nan | 100.0 |   7.5
       Dungeon | 100.0 | 100.0 |  -nan |  -nan | 100.0 |   7.5
               +-------+-------+-------+-------+-------+----------------------
